 Dungeon Crawl Stone Soup version 0.26-a0-858-gbf766624f9 (webtiles) character file.

Game seed: 4808730354017400932

538419 miscthings the Severer (level 25, -8/256 HPs)
             Began as an Ogre Fire Elementalist on Nov 24, 2020.
             Was a Follower of Cheibriados.
             Mangled by a stone giant (41 damage)
             ... on level 5 of the Vaults on Nov 25, 2020.
             The game lasted 03:31:45 (64757 turns).

miscthings the Severer (Ogre Fire Elementalist)    Turns: 64757, Time: 03:31:46

Health: -8/256     AC: 13    Str: 20    XL:     25   Next: 24%
Magic:  18/44      EV: 15    Int: 30    God:    Cheibriados [*.....]
Gold:   3100       SH: 27    Dex: 12    Spells: 26/58 levels left

rFire    + + +     SeeInvis .   v - +8 broad axe (flame)
rCold    + + .     Faith    .   c - +8 tower shield {rC+}
rNeg     + . .     Spirit   .   M - +2 robe {rC+ rF+}
rPois    +         Reflect  .   b - +2 hat {MR+}
rElec    +         Harm     .   y - +2 ratskin cloak {*Rats rPois rN+ Str-1 Int-1 Dex+1}
rCorr    .         Rampage  .   (gloves unavailable)
MR       +++..     Clarity  +   (boots unavailable)
Stlth    ++........             O - amulet of regeneration
HPRegen  0.92/turn              j - ring of wizardry
MPRegen  0.29/turn              L - ring of Ymaow {rElec rPois rF+ Int+3}

@: lightly drained, very slow
A: large, unfitting armour, icy blue scales 1, rugged brown scales 1, clarity,
clever 1, fire resistance 1, tough skin 1
}: 4/15 runes: decaying, serpentine, slimy, abyssal
a: Bend Time, Renounce Religion


You were on level 5 of the Vaults.
You worshipped Cheibriados.
Cheibriados was aware of your devotion.
You visited 10 branches of the dungeon, and saw 46 of its levels.
You visited the Abyss 2 times.
You also visited: Sewer and Ice Cave.

You collected 6950 gold pieces.
You spent 3850 gold pieces at shops.

Inventory:

Hand Weapons
 v - a +8 broad axe of flaming (weapon)
Missiles
 H - 6 throwing nets
 J - 23 curare-tipped darts (quivered)
Armour
 b - a +2 hat of magic resistance (worn)
 c - a +8 tower shield of cold resistance (worn)
 y - the +2 ratskin cloak (worn) {*Rats rPois rN+ Str-1 Int-1 Dex+1}
   (You found it on level 6 of the Dungeon)

   It affects your strength (-1).
   It affects your intelligence (-1).
   It affects your dexterity (+1).
   It protects you from poison.
   It protects you from negative energy.
 M - a +2 robe of resistance (worn)
Magical Staves
 N - an uncursed staff of fire
Jewellery
 j - a ring of wizardry (left hand)
 w - the ring "Tuol" {rF++ rN+ Dex+2}
   (You found it on level 5 of the Pits of Slime)

   [ring of positive energy]

   It affects your dexterity (+2).
   It greatly protects you from fire.
   It protects you from negative energy.
 L - the ring of Ymaow (right hand) {rElec rPois rF+ Int+3}
   (You found it on level 3 of the Elven Halls)

   [ring of protection from fire]

   It affects your intelligence (+3).
   It protects you from fire.
   It insulates you from electricity.
   It protects you from poison.
 O - an amulet of regeneration (around neck)
 R - the ring of Qaxtak {rN+ Int+2}
   (You took it off a deep elf death mage on level 3 of the Elven Halls)

   [ring of positive energy]

   It affects your intelligence (+2).
   It protects you from negative energy.
Wands
 e - a wand of disintegration (6)
 f - a wand of paralysis (41)
 D - a wand of digging (18)
 V - a wand of acid (5)
 W - a wand of iceblast (52)
 Z - a wand of enslavement (7)
Scrolls
 a - a scroll of holy word
 i - 2 scrolls of summoning
 m - 6 scrolls of immolation
 p - 7 scrolls of magic mapping
 r - 14 scrolls of remove curse
 u - 2 scrolls of blinking
 x - 5 scrolls of fear
 z - 3 scrolls of vulnerability
 A - a scroll of enchant armour
 C - 2 scrolls of silence
 K - 12 scrolls of identify {@r1}
 Q - 2 scrolls of torment
 T - 4 scrolls of teleportation
Potions
 d - 12 potions of attraction
 h - 2 potions of ambrosia
 k - 14 potions of might
 l - 26 potions of curing
 s - 4 potions of brilliance
 B - 3 potions of mutation
 E - 6 potions of resistance
 F - 9 potions of lignification
 I - 5 potions of invisibility
 P - 5 potions of magic
 X - 7 potions of cancellation
 Y - 6 potions of flight
Miscellaneous
 q - a condenser vane (inert)
 t - a lightning rod (2/4)
 G - a phantom mirror
 S - a box of beasts
 U - a phial of floods


   Skills:
 - Level 14.4(13.8) Fighting
 - Level 20.0(19.4) Axes
 - Level 3.0(2.6) Throwing
 - Level 6.0(5.5) Armour
 - Level 10.5(10.0) Dodging
 - Level 1.4(1.0) Stealth
 - Level 15.0(14.4) Shields
 - Level 17.0(16.4) Spellcasting
 - Level 6.0(5.5) Conjurations
 - Level 2.0(1.6) Hexes
 - Level 6.0(5.5) Necromancy
 + Level 19.1(18.5) Fire Magic
 - Level 2.0(1.6) Air Magic
 - Level 4.0(3.5) Earth Magic
 - Level 2.0(1.6) Poison Magic
 - Level 9.0(8.5) Invocations
 - Level 10.0(9.5) Evocations


You had 26 spell levels left.
You knew the following spells:

 Your Spells              Type           Power        Failure   Level
a - Mephitic Cloud        Conj/Pois/Air  #####...     1%          3
b - Fireball              Conj/Fire      #######...   1%          5
c - Lee's Rapid Deconstr  Erth           #####.....   5%          5
e - Borgnjor's Vile Clut  Necr/Erth      ######....   3%          5
f - Sticky Flame          Conj/Fire      #######.     1%          4
g - Apportation           Tloc           ###...       1%          1
h - Foxfire               Conj/Fire      ####         0%          1
z - Ignition              Fire           #######...   2%          8

Your spell library contained the following spells:

 Spells                   Type           Power        Failure   Level
 Animate Skeleton         Necr           ######       1%          1
 Corona                   Hex            ####...      1%          1
 Magic Dart               Conj           ####         1%          1
 Sandblast                Erth           #####.       1%          1
 Sting                    Tmut/Pois      ####         1%          1
 Summon Small Mammal      Summ           ###.         1%          1
 Blink                    Tloc           N/A          1%          2
 Call Imp                 Summ           ###.....     1%          2
 Corpse Rot               Necr/Air       N/A          1%          2
 Passwall                 Tmut/Erth      #####...     1%          2
 Poisonous Vapours        Pois/Air       ####..       1%          2
 Searing Ray              Conj           ######       1%          2
 Slow                     Hex            ####....     1%          2
 Sublimation of Blood     Necr           ######....   1%          2
 Confusing Touch          Hex            ####....     1%          3
 Conjure Flame            Conj/Fire      #######.     1%          3
 Dazzling Flash           Conj/Hex       #####.       1%          3
 Ignite Poison            Fire/Tmut/Pois ######..     1%          3
 Inner Flame              Hex/Fire       ######..     1%          3
 Spider Form              Tmut/Pois      ####......   1%          3
 Static Discharge         Conj/Air       #####...     1%          3
 Stone Arrow              Conj/Erth      ######       1%          3
 Summon Guardian Golem    Hex/Summ       ####....     1%          3
 Tukima's Dance           Hex            ####....     1%          3
 Animate Dead             Necr           ######....   1%          4
 Dispel Undead            Necr           ######..     1%          4
 Fulminant Prism          Conj/Hex       #####.....   1%          4
 Bolt of Magma            Conj/Fire/Erth ######....   1%          5
 Call Canine Familiar     Summ           ###.....     2%          3
 Gell's Gravitas          Tloc           ###.......   2%          3
 Lesser Beckoning         Tloc           ###.......   2%          3
 Hailstorm                Conj/Ice       #####...     2%          4
 Iskenderun's Mystic Bla  Conj/Tloc      #####...     2%          4
 Excruciating Wounds      Necr           ######....   2%          5
 Iskenderun's Battlesphe  Conj           ######..     2%          5
 Olgreb's Toxic Radiance  Pois           ####....     4%          4
 Petrify                  Tmut/Erth      #####...     4%          4
 Lightning Bolt           Conj/Air       #####.....   5%          5
 Summon Lightning Spire   Summ/Air       ####....     6%          4
 Irradiate                Conj/Tmut      #####.....   8%          5
 Summon Ice Beast         Ice/Summ       ###.....     9%          4
 Death Channel            Necr           ######....   12%         6
 Alistair's Intoxication  Tmut/Pois      ####.....    16%         5
 Metabolic Englaciation   Hex/Ice        ####......   16%         5
 Yara's Violent Unravell  Hex/Tmut       ####......   16%         5
 Iron Shot                Conj/Erth      ######....   19%         6
 Summon Forest            Summ/Tloc      ###.......   22%         5
 Freezing Cloud           Conj/Ice/Air   #####.....   41%         6
 Invisibility             Hex            ####....     52%         6
 Orb of Destruction       Conj           ######....   52%         7
 Eringya's Noxious Bog    Tmut/Pois      ####......   63%         6
 Hydra Form               Tmut           ###.......   73%         6
 Spellforged Servitor     Conj/Summ      #####.....   89%         7
 Summon Hydra             Summ           ###.......   99%         7
 Dragon's Call            Summ           ###.......   100%        9
 Shatter                  Erth           #####.....   100%        9
 Tornado                  Air            ####......   100%        9


Dungeon Overview and Level Annotations

Branches:
Dungeon (15/15)            Temple (1/1) D:6            Lair (6/6) D:11
  Swamp (4/4) Lair:4        Snake (4/4) Lair:2        Slime (5/5) Lair:5
    Orc (2/2) D:11            Elf (3/3) Orc:2        Vaults (5/5) D:13
  Crypt (0/3) Vaults:3     Depths (1/5) D:15          Sewer (visited)
  IceCv (visited)

Altars:
Ashenzari
Cheibriados
Dithmenos
Elyvilon
Fedhas
Gozag
Hepliaklqana
Kikubaaqudgha
Makhleb
Nemelex Xobeh
Okawaru
Qazlal
Ru
Sif Muna
Trog
Uskayaw
Vehumet
Wu Jian
Xom
Yredelemnul
Zin
The Shining One
Beogh
Jiyva
Lugonu

Shops:
D:7 *   D:8 *   D:10 *   D:11 *   Orc:2 [*[([   Elf:2 (   Snake:1 !(
Snake:2 }=}   Vaults:2 *   Vaults:3 !

Portals:
Abyss: D:12

Annotations:
D:6 pablito's ghost, novice FoFi
Vaults:2 exclusion: door
Vaults:5 Mennas


Innate Abilities, Weirdness & Mutations

You are too large for most types of armour.
You have tough skin. (AC +1)
You are partially covered in icy blue scales. (AC +2)
You are partially covered in rugged brown scales. (AC +1, +3% HP)
You possess an exceptional clarity of mind.
Your mind is acute. (Int +2)
Your flesh is heat resistant. (rF+)


Message History

* * * LOW HITPOINT WARNING * * *
The merfolk shouts!
You hear a shout!
You hear two shouts!
You block the stone giant's attack.
You feel strangely stable.
Your magical effects are unravelling.
You feel magically purged.
You feel less vulnerable to hostile enchantments.
The sentinel's mark upon you fades away.
You block the stone giant's attack. You block the tengu reaver's attack.
The tengu reaver pecks you.
* * * LOW HITPOINT WARNING * * *
You block the tengu reaver's attack.
Your storm dragon bites the stone giant!
Your storm dragon claws the stone giant.
Your storm dragon tramples the stone giant.
The stone giant holds its ground!
The vault sentinel points at you and mumbles some strange words.
You resist with some effort. The stone giant hits you!!!
You die...

.(# #.. c(# )[. ..# C(. .#..#
..#.X### #C.#?.# [.#c.... ..#.(#
[....... .....#
[[..#######################C...#
<[[.........§§§Q@..............#
[<..........§§§§CDp............#
<..[...m.D.)§§p§§§.....)....)..#
[..........p.§§§§(......(.C(...#
[...#######################....#
.....# #....# ..#..# #....#
..###. .##..# ..# .. ..#


You could see a stone giant, a vault warden, a tengu reaver, a vault sentinel
and a friendly storm dragon (charmed, vulnerable).

Vanquished Creatures
  the Royal Jelly (Slime:5)
  Mara (Swamp:4)
  Sojobo (Vaults:4)
  Vashnia (Snake:4)
  A profane servitor (Abyss:3)
  4 bone dragons
  The ghost of kd29 the Metallomancer, a veteran GrEE of Vehumet (Vaults:4)
  Jorgrun (Elf:1)
  A tentacled monstrosity (Abyss:3)
  Rupert (D:13)
  A deep elf blademaster (Elf:2)
  2 titans (Vaults:5)
  2 deep elf master archers (Elf:3)
  Frances (D:13)
  20 acid blobs
  5 tentacled starspawn
  Kirke (Lair:4)
  2 sphinxes
  3 tengu reavers
  A shadow dragon (Vaults:2)
  9 nagarajas
  2 storm dragons (Vaults:2)
  A fenstrider witch (shapeshifter) (D:12)
  7 azure jellies
  3 fire giants
  10 deep elf sorcerers
  4 frost giants
  2 orc warlords (Orc:2)
  7 vault wardens
  6 deep elf elementalists
  An angel (Abyss:4)
  A draconian shifter (Abyss:3)
  A cacodemon (Abyss:3)
  14 ironheart preservers
  3 entropy weavers
  3 stone giants
  2 very ugly things
  A juggernaut skeleton (Vaults:2)
  A war gargoyle (Vaults:5)
  8 deep elf demonologists
  3 bunyips
  A spark wasp (shapeshifter) (Elf:2)
  13 deep elf annihilators
  3 eidola
  A white draconian (Vaults:2)
  7 ettins
  2 crystal guardians
  12 deep elf death magi
  10 death oozes
  3 eleionomae
  A fire dragon (D:11)
  9 great orbs of eyes
  10 yaktaur captains
  5 deep elf high priests
  A shambling mangrove (Swamp:1)
  The ghost of Plog the Tainter, a journeyman DgVM (D:12)
  A juggernaut simulacrum (Vaults:2)
  2 ice dragons
  36 vault guards
  10 hydras
  18 naga warriors
  10 boulder beetles
  Harold (D:8)
  4 anacondas
  8 centaur warriors
  A rakshasa (Abyss:4)
  36 two-headed ogres
  A caustic shrike simulacrum (Vaults:2)
  2 catoblepae
  6 ghost crabs
  32 dancing weapons
  12 ogre magi
  8 alligators
  2 two-headed ogres (shapeshifter)
  4 thrashing horrors
  4 orc high priests
  5 deep troll shamans
  4 hell hogs (Abyss:3)
  3 death yaks
  A vampire mage (Abyss:4)
  A deep troll earth mage (Vaults:2)
  15 deep elf knights
  16 naga sharpshooters
  5 shock serpents
  Nergalle (D:10)
  A fire crab (shapeshifter) (Vaults:4)
  3 shadow wraiths
  11 skeletal warriors
  2 salamander mystics
  17 large abominations
  A fire crab (Lair:6)
  A hell knight (Abyss:3)
  3 goliath frogs
  9 wretched stars
  10 small abominations
  A storm dragon skeleton (Vaults:3)
  2 sixfirhies
  4 spriggan druids
  3 unseen horrors
  9 naga ritualists
  An orange crystal statue (Elf:3)
  5 swamp dragons
  2 flayed ghosts
  3 deep trolls
  2 shadow demons
  A golden dragon skeleton (Vaults:2)
  2 phantasmal warriors
  4 glowing orange brains
  4 spectral hydras (Swamp:4)
  An obsidian statue (Vaults:1)
  16 deep elf archers
  8 bog bodies
  4 wizards
  3 necromancers
  12 ironbrand convokers
  3 harpies (Vaults:2)
  An orb spider (shapeshifter) (D:15)
  A tengu zombie (Vaults:3)
  2 lindwurms (Lair:6)
  2 wolf spider zombies (D:15)
  57 deep elf magi
  35 ugly things
  8 orc sorcerers
  3 mana vipers
  An oklob plant (Lair:2)
  6 cyclopes
  A shadow dragon skeleton (Vaults:3)
  2 stone giant zombies
  3 tengu skeletons (Vaults:3)
  21 orc knights
  2 wolf spiders (Vaults:3)
  A worldbinder (Abyss:3)
  2 sphinx skeletons (Vaults:3)
  A salamander (shapeshifter) (Vaults:3)
  7 shining eyes
  15 salamanders
  2 fire giant skeletons (Vaults:3)
  12 elephants
  3 will-o-the-wisps
  A manticore (D:13)
  An elephant (shapeshifter) (Vaults:3)
  An iron dragon skeleton (Vaults:2)
  An ice statue (IceCv)
  3 guardian serpents
  29 black mambas
  An apocalypse crab (Abyss:3)
  A black mamba (shapeshifter) (Elf:3)
  9 vault sentinels
  14 cane toads
  A frost giant skeleton (Vaults:3)
  2 gargoyles
  20 naga magi
  Maggie (D:10)
  2 orange demons
  An eye of devastation (shapeshifter) (Vaults:2)
  A yaktaur zombie (Vaults:4)
  6 smoke demons (Abyss:3)
  2 eyes of devastation
  A rust devil (Abyss:3)
  5 torpor snails (Lair:6)
  A swamp worm zombie (Swamp:4)
  7 freezing wraiths
  7 komodo dragons
  An ice devil (D:12)
  2 efreet
  3 kobold demonologists
  40 yaktaurs
  A demonic crawler (Abyss:4)
  An entropy weaver simulacrum (Vaults:3)
  2 hellwings (Abyss:3)
  An ancient zyme (Abyss:4)
  5 hydra zombies (Swamp:4)
  A silent spectre (Abyss:4)
  A tengu simulacrum (Vaults:3)
  12 trolls
  28 polar bears
  3 meliai (D:15)
  A sphinx simulacrum (Vaults:2)
  Prince Ribbit (D:8)
  3 bloated husks
  9 tyrant leeches
  14 hornets
  A blink frog (shapeshifter) (Elf:3)
  8 blink frogs
  11 raiju
  A hornet (shapeshifter) (Vaults:2)
  85 slime creatures
  3 spectral swamp dragons (Swamp:4)
  5 dream sheep (Lair:6)
  2 human simulacra
  6 alligator zombies (Swamp:4)
  A stone giant simulacrum (Vaults:4)
  5 air elementals
  5 wraiths
  2 ynoxinuls (Abyss:4)
  A water elemental (Elf:1)
  7 redbacks
  A vampire (D:14)
  2 ettin skeletons (Vaults:3)
  4 shadows
  23 starcursed masses
  10 wyverns
  4 fire bats (Abyss:3)
  3 spriggans (Swamp:4)
  A fire elemental (Elf:3)
  Eustachio (D:6)
  6 neqoxecs
  71 yaks
  6 golden eyes (Slime:1)
  3 hogs (Lair:4)
  A human (shapeshifter) (Vaults:3)
  11 vampire mosquitoes
  A steam dragon (shapeshifter) (Vaults:1)
  8 basilisks
  6 chaos spawn
  55 nagas
  17 swamp worms
  8 wargs
  5 insubstantial wisps (Swamp:4)
  A soldier ant (D:13)
  9 water moccasins
  A deep troll skeleton (Vaults:4)
  Edmund (D:5)
  19 hell hounds
  An acid dragon (Vaults:2)
  A swamp drake (Swamp:2)
  13 ice beasts
  49 orc warriors
  4 sky beasts
  A human zombie (Vaults:4)
  15 black bears
  An elf zombie (Vaults:3)
  A necrophage (D:6)
  8 phantoms
  12 boggarts
  37 ogres
  7 eyes of draining
  2 swamp dragon zombies (Swamp:4)
  11 centaurs
  42 wolves
  An elf skeleton (Vaults:3)
  22 big kobolds
  13 bullfrogs
  A gnoll sergeant (D:10)
  3 earth elementals
  A wyvern zombie (D:11)
  A glowing shapeshifter simulacrum (Vaults:4)
  2 human skeletons
  4 scorpions
  A wyvern skeleton (D:12)
  9 killer bees
  A killer bee (shapeshifter) (Vaults:2)
  4 howler monkeys
  An electric eel (Lair:4)
  10 wights
  2 centaur zombies
  3 quasits
  31 orc wizards
  35 orc priests
  3 bullfrog zombies
  11 hounds
  An iron imp (Abyss:3)
  5 jellies
  7 centaur skeletons
  2 bullfrog skeletons
  3 iguanas (D:7)
  6 worker ants
  6 hell rats
  A spectral swamp drake (Swamp:4)
  2 bullfrog simulacra
  3 centaur simulacra
  2 hound zombies
  2 hound skeletons
  3 gnolls (D:10)
  15 adders
  6 river rats (D:6)
  3 shadow imps
  6 white imps
  4 ufetubi
  7 oozes
  2 adder skeletons
  7 worms
  A dart slug (D:1)
  An adder simulacrum (D:6)
  5 leopard geckos
  95 orcs
  4 giant cockroaches
  7 goblins
  10 hobgoblins
  14 jackals
  2 quokkas
  3 ball pythons (Sewer)
  8 bats
  6 frilled lizards
  A giant cockroach zombie (D:5)
  29 kobolds
  2 quokka skeletons
  A quokka zombie (D:7)
  32 rats
  3 crawling corpses
  A macabre mass (Vaults:2)
  3 starspawn tentacles (Abyss:4)
2157 creatures vanquished.

Vanquished Creatures (collateral kills)
  2 nagarajas
  A vault warden (Vaults:4)
  A frost giant (Vaults:5)
  An ironheart preserver (Vaults:2)
  A fire crab (Lair:6)
  A shambling mangrove (Swamp:2)
  2 naga warriors
  A centaur warrior (D:13)
  2 catoblepae
  A wretched star (Abyss:3)
  A skeletal warrior (D:12)
  A bog body (Lair:4)
  A deep elf mage (Elf:2)
  2 oklob plants (Lair:2)
  A torpor snail (Lair:6)
  A vault sentinel (Vaults:3)
  A swamp worm zombie (Swamp:4)
  A rime drake (Lair:2)
  A troll (Orc:1)
  2 polar bears (IceCv)
  3 yaks
  An ogre (Vaults:4)
  A wolf (Lair:6)
  A wight (D:7)
  A bullfrog zombie (D:7)
  2 orcs
  4 kobolds (D:10)
  6 foxfires
44 creatures vanquished.

Vanquished Creatures (others)
  A deep elf sorcerer (Elf:3)
  A deep elf elementalist (Elf:3)
  A deep elf demonologist (Elf:3)
  A yaktaur captain (Vaults:3)
  An alligator (Swamp:2)
  A swamp dragon (Swamp:1)
  4 deep elf magi (Elf:1)
  A black mamba (shapeshifter) (Elf:1)
  A bloated husk (Swamp:1)
  A yak (D:11)
  A swamp worm (Swamp:1)
  An orc warrior (Orc:2)
  2 boggarts (Vaults:3)
  3635 foxfires
  17 fungi
  A lurking horror (Abyss:4)
  59 plants
  13 starspawn tentacles
3742 creatures vanquished.

Grand Total: 5943 creatures vanquished

Notes
Turn   | Place    | Note
-------+----------+-------------------------------------------
     0 | D:1      | miscthings the Ogre Fire Elementalist began the quest for
                  | the Orb.
     0 | D:1      | Reached XP level 1. HP: 16/16 MP: 3/3
    17 | D:1      | Reached skill level 1 in Conjurations
    71 | D:1      | Reached XP level 2. HP: 3/24 MP: 0/5
   447 | D:1      | Reached XP level 3. HP: 23/31 MP: 3/7
   923 | D:1      | Reached XP level 4. HP: 4/39 MP: 0/9
  1468 | D:2      | Reached XP level 5. HP: 45/45 MP: 6/10
  1498 | D:2      | Found a faded altar of an unknown god.
  1849 | D:3      | Learned a level 3 spell: Conjure Flame
  1856 | D:3      | Learned a level 4 spell: Sticky Flame
  2093 | D:3      | Found a glowing drain.
  2111 | Sewer    | Entered a sewer
  2246 | Sewer    | Noticed a big kobold
  2255 | Sewer    | Killed a big kobold
  2256 | Sewer    | Reached XP level 6. HP: 50/53 MP: 5/12
  2551 | D:3      | Found a burning altar of Makhleb.
  2551 | D:3      | Noticed a green death
  2927 | D:4      | Learned a level 3 spell: Inner Flame
  3002 | D:4      | Found a shimmering blue altar of Sif Muna.
  3010 | D:4      | Got a brightly glowing falchion
  3016 | D:4      | Identified the +0 falchion "Ogre's Regret" {holy, rElec}
                  | (You found it on level 4 of the Dungeon)
  3393 | D:4      | Reached skill level 5 in Spellcasting
  3393 | D:4      | Reached XP level 7. HP: 51/59 MP: 8/14
  3475 | D:5      | Entered Level 5 of the Dungeon
  3740 | D:5      | Found a sacrificial altar of Ru.
  3740 | D:5      | Found a shadowy altar of Dithmenos.
  3741 | D:5      | Found a white marble altar of Elyvilon.
  3904 | D:5      | Reached skill level 1 in Hexes
  3926 | D:5      | Noticed Edmund
  3941 | D:5      | Killed Edmund
  3942 | D:5      | Reached skill level 5 in Fire Magic
  4127 | D:6      | Found a staircase to the Ecumenical Temple.
  4137 | Temple   | Entered the Ecumenical Temple
  4205 | Temple   | Became a worshipper of Warmaster Okawaru
  4403 | D:6      | Found a runed translucent gate.
  4404 | D:6      | Found a runed translucent gate.
  4405 | D:6      | Found a runed translucent gate.
  4452 | D:6      | Reached XP level 8. HP: 40/67 MP: 11/16
  4549 | D:6      | Noticed pablito's ghost (novice FoFi)
  4576 | D:6      | Reached * piety under Okawaru
  5185 | D:6      | Noticed Eustachio
  5196 | D:6      | Killed Eustachio
  5197 | D:6      | Reached skill level 5 in Conjurations
  5443 | D:6      | Found the +2 ratskin cloak {*Rats rPois rN+ Str-1 Int-1
                  | Dex+1}
  5900 | D:7      | Noticed a hornet
  5919 | D:7      | Killed a hornet
  5919 | D:7      | Reached ** piety under Okawaru
  5920 | D:7      | Reached skill level 1 in Fighting
  5920 | D:7      | Reached skill level 1 in Invocations
  5920 | D:7      | Reached XP level 9. HP: 53/76 MP: 4/21
  5949 | D:7      | Reached skill level 1 in Evocations
  6483 | D:7      | Found a snail-covered altar of Cheibriados.
  6509 | D:7      | Found a white marble altar of Elyvilon.
  6552 | D:7      | Found Mamiumaf's General Store.
  6579 | D:7      | Bought a scroll of vulnerability for 105 gold pieces
  6803 | D:8      | Noticed a two-headed ogre
  6812 | D:8      | Killed a two-headed ogre
  6812 | D:8      | Reached *** piety under Okawaru
  7046 | D:8      | Learned a level 5 spell: Fireball
  7053 | D:8      | Found Xaseimpo's Serpentskin Sales.
  7053 | D:8      | Noticed Harold
  7058 | D:8      | Reached XP level 10. HP: 80/92 MP: 22/22
  7070 | D:8      | Killed Harold
  7093 | D:8      | Noticed Prince Ribbit
  7102 | D:8      | Killed Prince Ribbit
  7359 | D:8      | Bought 8 curare-tipped darts for 57 gold pieces
  7435 | D:9      | Reached **** piety under Okawaru
  7575 | D:9      | Reached skill level 1 in Throwing
  7695 | D:9      | Reached skill level 1 in Axes
  7696 | D:9      | Reached skill level 5 in Fighting
  7748 | D:9      | Reached ***** piety under Okawaru
  8223 | D:9      | Reached skill level 2 in Axes
  8459 | D:10     | Entered Level 10 of the Dungeon
  8459 | D:10     | Noticed a two-headed ogre
  8468 | D:10     | Killed a two-headed ogre
  8469 | D:10     | Reached skill level 5 in Invocations
  8469 | D:10     | Reached XP level 11. HP: 96/105 MP: 18/24
  8613 | D:10     | Found Idukhladd's Assorted Antiques.
  8622 | D:10     | Bought a scroll labelled TAPLITZ IDEIW for 32 gold pieces
  8622 | D:10     | Bought a scroll labelled TAHAMP QONA for 32 gold pieces
  8871 | D:10     | Noticed Nergalle
  9187 | D:10     | Reached skill level 3 in Axes
  9191 | D:10     | Noticed Maggie
  9230 | D:10     | Killed Maggie
  9230 | D:10     | Reached ****** piety under Okawaru
  9355 | D:10     | Reached skill level 5 in Dodging
  9511 | D:10     | Noticed a two-headed ogre
  9531 | D:10     | Killed a two-headed ogre
  9551 | D:10     | Received a gift from Okawaru
  9585 | D:10     | Reached skill level 10 in Spellcasting
  9895 | D:10     | Killed Nergalle
  9895 | D:10     | Received a gift from Okawaru
  9954 | D:10     | Reached skill level 4 in Axes
 10309 | D:10     | Received a gift from Okawaru
 10353 | D:11     | Found Opaset's General Store.
 10506 | D:11     | Noticed a fire dragon
 10537 | D:11     | Killed a fire dragon
 10538 | D:11     | Reached XP level 12. HP: 108/118 MP: 24/26
 10779 | D:11     | Noticed a death yak
 10779 | D:11     | Noticed a death yak
 10794 | D:11     | Killed a death yak
 10800 | D:11     | Killed a death yak
 10807 | D:11     | Noticed a death yak
 10877 | D:10     | Killed a death yak
 10877 | D:10     | Received a gift from Okawaru
 10878 | D:10     | Reached skill level 5 in Evocations
 10993 | D:11     | Found a staircase to the Lair.
 11093 | D:11     | Found the +10 Black Knight's barding {ponderous, rPois rN+}
 11232 | D:11     | Found a staircase to the Orcish Mines.
 11278 | D:11     | Found a roughly hewn altar of Beogh.
 11285 | D:11     | Reached skill level 5 in Axes
 11812 | D:12     | Noticed a two-headed ogre
 11852 | D:12     | Killed a two-headed ogre
 11863 | D:12     | Found a one-way gate to the infinite horrors of the Abyss.
 11863 | D:12     | Noticed Plog's ghost (journeyman DgVM)
 11890 | D:12     | Found a transporter.
 11894 | D:12     | Identified the +7 triple sword of the Genius {distort,
                  | Str+4}
 11895 | D:12     | Noticed a boulder beetle
 11913 | D:12     | Killed a boulder beetle
 12218 | D:12     | Found a frozen archway.
 12338 | IceCv    | Entered an ice cave
 12347 | IceCv    | Reached XP level 13. HP: 126/130 MP: 18/27
 12361 | IceCv    | Received a gift from Okawaru
 12796 | IceCv    | Reached skill level 6 in Axes
 13903 | IceCv    | Noticed a frost giant
 13938 | IceCv    | Killed a frost giant
 14777 | D:12     | Found a transporter.
 14792 | D:12     | Noticed a dire elephant
 14860 | D:12     | Found a stormy altar of Qazlal.
 15042 | Lair:1   | Entered Level 1 of the Lair of Beasts
 15074 | Lair:1   | Reached skill level 7 in Axes
 15328 | Lair:1   | Reached skill level 1 in Armour
 15348 | Lair:1   | Reached skill level 1 in Shields
 16039 | Lair:2   | Found a staircase to the Snake Pit.
 16796 | Lair:2   | Received a gift from Okawaru
 16797 | Lair:2   | Reached skill level 10 in Fighting
 17204 | Lair:2   | Got a shimmering hand crossbow {god gift}
 17205 | Lair:2   | Identified the +8 hand crossbow of Cesiynt {speed, Str+4
                  | Int+6} (Okawaru gifted it to you on level 2 of the Lair of
                  | Beasts)
 18078 | Lair:3   | Reached XP level 14. HP: 139/143 MP: 25/29
 18165 | Lair:3   | Reached skill level 8 in Axes
 18452 | Lair:3   | Received a gift from Okawaru
 19696 | Lair:4   | Noticed Nessos
 19698 | Lair:4   | Noticed Nessos
 19698 | Lair:4   | Nessos changed into Nessos the redback
 19701 | Lair:4   | Killed Nessos the redback
 19719 | Lair:4   | Noticed Kirke
 19749 | Lair:4   | Noticed a sphinx
 19758 | Lair:4   | Killed Kirke
 19849 | Lair:4   | Found a staircase to the Swamp.
 20424 | Lair:4   | Reached skill level 9 in Axes
 20531 | Lair:5   | You fall into a shaft and drop 1 floor!
 20531 | Lair:6   | Entered Level 6 of the Lair of Beasts
 20642 | Lair:6   | Found a runed translucent door.
 20656 | Lair:6   | Received a gift from Okawaru
 22060 | Lair:5   | Found a viscous altar of Jiyva.
 22060 | Lair:5   | Found a staircase to the Slime Pits.
 22848 | Lair:6   | Received a gift from Okawaru
 22924 | Lair:6   | Reached skill level 10 in Axes
 22924 | Lair:6   | Reached XP level 15. HP: 131/149 MP: 13/31
 23662 | Lair:6   | Reached skill level 5 in Shields
 24781 | Lair:6   | Received a gift from Okawaru
 25151 | Lair:6   | Reached skill level 11 in Axes
 27034 | D:12     | Noticed a fire giant
 27267 | D:13     | Noticed Rupert
 27312 | D:13     | Killed Rupert
 27618 | D:13     | Received a gift from Okawaru
 27938 | D:13     | Noticed Frances
 27958 | D:13     | Killed Frances
 27959 | D:13     | Reached skill level 12 in Axes
 27959 | D:13     | Reached XP level 16. HP: 118/158 MP: 27/32
 28050 | D:13     | Found a gate to the Vaults.
 28739 | D:12     | Received a gift from Okawaru
 30526 | D:14     | Learned a level 3 spell: Mephitic Cloud
 30560 | D:15     | Entered Level 15 of the Dungeon
 30850 | D:15     | Reached skill level 1 in Air Magic
 30850 | D:15     | Reached skill level 1 in Poison Magic
 31238 | D:15     | Reached skill level 13 in Axes
 31303 | D:15     | Received a gift from Okawaru
 31314 | D:15     | Got a translucent spear {god gift}
 31316 | D:15     | Identified the +4 spear of Mitud {drain, rN+ Int+4}
                  | (Okawaru gifted it to you on level 15 of the Dungeon)
 31428 | D:15     | Found a corrupted altar of Lugonu.
 31807 | D:15     | Received a gift from Okawaru
 31824 | D:15     | Found a staircase to the Depths.
 32588 | D:4      | Learned a level 1 spell: Apportation
 32594 | D:4      | Identified Sif Muna's Reference Book on Arcane Weapons
 32829 | Orc:1    | Entered Level 1 of the Orcish Mines
 32866 | Orc:1    | Reached XP level 17. HP: 109/166 MP: 30/33
 33338 | Orc:2    | Entered Level 2 of the Orcish Mines
 33350 | Orc:2    | Found Gojelacw's Armour Shoppe.
 33426 | Orc:2    | Found a staircase to the Elven Halls.
 33578 | Orc:2    | Reached skill level 10 in Shields
 33700 | Orc:2    | Received a gift from Okawaru
 33788 | Orc:2    | Got a scorched quick blade {god gift}
 33790 | Orc:2    | Identified the +3 quick blade "Inirph" {vorpal, Int+2 SInv}
                  | (Okawaru gifted it to you on level 2 of the Orcish Mines)
 34023 | Orc:2    | Got an ebony falchion
 34024 | Orc:2    | Identified the +6 falchion "Rydenk" {vorpal, Str+4} (You
                  | found it on level 2 of the Orcish Mines)
 34061 | Orc:2    | Got bloodstained pearl dragon scales
 34072 | Orc:2    | Identified the cursed +0 pearl dragon scales of Nitoteon
                  | {rN+ MP+9} (You found it on level 2 of the Orcish Mines)
 34368 | Orc:2    | Found Harusm's Assorted Antiques.
 34395 | Orc:2    | Reached skill level 14 in Axes
 34428 | Orc:2    | Reached skill level 10 in Evocations
 34580 | Orc:2    | Found Ycinlim's Weapon Shop.
 34584 | Orc:2    | Bought a scroll labelled QIBLYNW IMIDU for 34 gold pieces
 34584 | Orc:2    | Bought a scroll of teleportation for 102 gold pieces
 34617 | Orc:2    | Found Myrext's Armour Shop.
 34619 | Orc:2    | Found Idwienu's Armour Shoppe.
 34795 | Snake:1  | Entered Level 1 of the Snake Pit
 35061 | Snake:1  | Found Zesat Zyta's Distillery.
 35065 | Snake:1  | Found Gailoph's Antique Weapon Emporium.
 35077 | Snake:1  | Bought a potion of attraction for 54 gold pieces
 35077 | Snake:1  | Bought a potion of invisibility for 144 gold pieces
 35077 | Snake:1  | Bought a potion of attraction for 54 gold pieces
 35077 | Snake:1  | Bought a potion of magic for 144 gold pieces
 35077 | Snake:1  | Bought a potion of might for 72 gold pieces
 35077 | Snake:1  | Bought a potion of might for 72 gold pieces
 36248 | Snake:2  | Got an ebony broad axe
 36249 | Snake:2  | Identified the cursed +3 broad axe "Jeapp" {drain, rF++ rN+
                  | MR+ Dex-4} (You found it on level 2 of the Snake Pit)
 36347 | Snake:2  | Received a gift from Okawaru
 36531 | Snake:2  | You fall into a shaft and drop 1 floor!
 37016 | Snake:3  | Received a gift from Okawaru
 37404 | Snake:3  | Reached skill level 15 in Axes
 38394 | Snake:2  | Received a gift from Okawaru
 38531 | Snake:2  | Reached XP level 18. HP: 130/174 MP: 16/34
 38594 | Snake:2  | Found a shimmering altar of Xom.
 38614 | Snake:2  | Gained mutation: You are partially covered in icy blue
                  | scales. (AC +2) [potion of mutation]
 38614 | Snake:2  | Gained mutation: You have a pair of small horns on your
                  | head. [potion of mutation]
 38614 | Snake:2  | Gained mutation: You are partially covered in rugged brown
                  | scales. (AC +1, +3% HP) [potion of mutation]
 38639 | Snake:2  | Found Fusos's Gadget Emporium.
 38639 | Snake:2  | Found Qipem's Jewellery Shop.
 38640 | Snake:2  | Found Mofuc's Gadget Emporium.
 38649 | Snake:2  | Bought a wand of acid (5) for 234 gold pieces
 38653 | Snake:2  | Bought a wand of iceblast (9) for 143 gold pieces
 38655 | Snake:2  | Bought an uncursed ring of protection from magic for 450
                  | gold pieces
 38910 | Snake:4  | Entered Level 4 of the Snake Pit
 39264 | Snake:4  | Identified the cursed ring of Moodiness {*Slow rPois AC-4
                  | Slay-2 Stlth+} (You found it on level 4 of the Snake Pit)
 39445 | Snake:4  | Received a gift from Okawaru
 39904 | Snake:4  | Noticed Vashnia
 39929 | Snake:4  | Killed Vashnia
 39930 | Snake:4  | Reached skill level 16 in Axes
 39944 | Snake:4  | Received a gift from Okawaru
 40983 | Snake:4  | Received a gift from Okawaru
 41043 | Snake:4  | Received a gift from Okawaru
 41047 | Snake:4  | Got a dull robe {god gift}
 41200 | Snake:4  | Got a serpentine rune of Zot
 41772 | Swamp:1  | Entered Level 1 of the Swamp
 42115 | Swamp:1  | Reached XP level 19. HP: 187/187 MP: 33/35
 42160 | Swamp:1  | Reached skill level 17 in Axes
 42833 | Orc:2    | Bought a scroll of brand weapon for 680 gold pieces
 43432 | Swamp:2  | Identified the +3 robe of Peohaireh {Str+4} (Okawaru gifted
                  | it to you on level 4 of the Snake Pit)
 44444 | Swamp:4  | Entered Level 4 of the Swamp
 45015 | Swamp:4  | Noticed a bone dragon
 45058 | Swamp:4  | Killed a bone dragon
 45073 | Swamp:4  | Received a gift from Okawaru
 45279 | Swamp:4  | Noticed Mara
 45582 | Swamp:4  | Noticed miscthings's illusion
 45625 | Swamp:4  | Killed Mara
 45626 | Swamp:4  | Reached skill level 18 in Axes
 45626 | Swamp:4  | Reached skill level 15 in Shields
 45664 | Swamp:4  | Got a decaying rune of Zot
 46047 | Elf:1    | Entered Level 1 of the Elven Halls
 46062 | Elf:1    | Noticed a Hell Sentinel
 46686 | Elf:1    | Identified the Collected Works on Blows and Bruises
 47032 | Elf:1    | Noticed Jorgrun
 47049 | Elf:1    | Killed Jorgrun
 47050 | Elf:1    | Reached XP level 20. HP: 155/192 MP: 24/36
 47338 | Elf:2    | Reached skill level 19 in Axes
 47344 | Elf:2    | Found Waleqoc's Antique Weapon Shop.
 47568 | Elf:2    | Found a huge runed translucent gate.
 47568 | Elf:2    | Found a huge runed translucent gate.
 47568 | Elf:2    | Found a huge runed translucent gate.
 47568 | Elf:2    | Found a huge runed translucent gate.
 47568 | Elf:2    | Found a huge runed translucent gate.
 47675 | Elf:2    | Received a gift from Okawaru
 49165 | Elf:2    | Reached skill level 20 in Axes
 49442 | Elf:3    | Entered Level 3 of the Elven Halls
 49529 | Elf:3    | Learned a level 5 spell: Lee's Rapid Deconstruction
 49554 | Elf:3    | Received a gift from Okawaru
 49570 | Elf:3    | Identified the +3 war axe "Ugugiab" {freeze, *Corrode Str+4
                  | Int+7 Dex+3} (Okawaru gifted it to you on level 3 of the
                  | Elven Halls)
 49586 | Elf:3    | Reached skill level 1 in Earth Magic
 49895 | Elf:3    | Noticed a Brimstone Fiend
 50031 | Elf:3    | Learned a level 8 spell: Ignition
 50348 | Elf:3    | Received a gift from Okawaru
 50380 | Elf:3    | Gained mutation: Your body sometimes deteriorates upon
                  | taking damage. [a neqoxec]
 50411 | Elf:3    | Received a gift from Okawaru
 50445 | Elf:3    | Reached XP level 21. HP: 191/206 MP: 2/37
 50481 | Elf:3    | Received a gift from Okawaru
 50625 | Elf:3    | Identified the ring of Qaxtak {rN+ Int+2}
 50645 | Elf:3    | Reached skill level 5 in Armour
 50729 | Elf:3    | Identified the Grimoire of Envenoming
 50757 | Elf:3    | Got a sparkling glass ring
 50758 | Elf:3    | Identified the ring of Ymaow {rElec rPois rF+ Int+3} (You
                  | found it on level 3 of the Elven Halls)
 51369 | Vaults:1 | Entered Level 1 of the Vaults
 52115 | Vaults:1 | Reached skill level 10 in Dodging
 52294 | Vaults:1 | Reached skill level 10 in Fire Magic
 52976 | Vaults:2 | Received a gift from Okawaru
 52977 | Vaults:2 | Found the +8 Wrath of Trog {antimagic, *Rage}
 53375 | Vaults:2 | Noticed a bone dragon
 53401 | Vaults:2 | Received a gift from Okawaru
 53417 | Vaults:2 | Killed a bone dragon
 53649 | Vaults:2 | Identified the Tome of Unholy Magic
 53690 | Vaults:2 | Found Guloetou's Assorted Antiques.
 53697 | Vaults:2 | Bought a scroll of enchant weapon for 247 gold pieces
 53697 | Vaults:2 | Bought a scroll of fear for 115 gold pieces
 53697 | Vaults:2 | Bought a scroll of blinking for 247 gold pieces
 53697 | Vaults:2 | Bought a scroll of vulnerability for 247 gold pieces
 53732 | Vaults:2 | Reached XP level 22. HP: 167/226 MP: 35/39
 53813 | Vaults:2 | Received a gift from Okawaru
 54025 | Vaults:2 | Identified the +1 robe of Burnt Beauty {rElec} (Okawaru
                  | gifted it to you on level 2 of the Vaults)
 54546 | Vaults:2 | Reached skill level 15 in Spellcasting
 54787 | Vaults:2 | Received a gift from Okawaru
 55179 | Vaults:2 | Identified Enareegga's Catalogue of Clay
 55442 | Vaults:2 | Identified the Papyrus of Creative Stolen Souls
 55766 | Vaults:3 | Received a gift from Okawaru
 55769 | Vaults:3 | Identified the +1 robe of Zufuc {Rampage MR+ Dex+2}
                  | (Okawaru gifted it to you on level 3 of the Vaults)
 56869 | Vaults:3 | Found Dowetiax's Distillery.
 56995 | Vaults:3 | Bought a potion of mutation for 104 gold pieces
 56995 | Vaults:3 | Bought a potion of might for 52 gold pieces
 56995 | Vaults:3 | Bought a potion of curing for 39 gold pieces
 56995 | Vaults:3 | Bought a potion of might for 52 gold pieces
 56995 | Vaults:3 | Bought a potion of cancellation for 104 gold pieces
 56995 | Vaults:3 | Bought a potion of might for 52 gold pieces
 56995 | Vaults:3 | Bought a potion of cancellation for 104 gold pieces
 56995 | Vaults:3 | Bought a potion of curing for 39 gold pieces
 56995 | Vaults:3 | Bought a potion of attraction for 39 gold pieces
 57059 | Vaults:3 | Reached XP level 23. HP: 218/234 MP: 39/42
 57398 | Vaults:3 | Found a staircase to the Crypt.
 58032 | Vaults:4 | Learned a level 5 spell: Borgnjor's Vile Clutch
 58069 | Vaults:4 | Found a runed translucent gate.
 58069 | Vaults:4 | Found a runed translucent gate.
 58069 | Vaults:4 | Found a runed translucent gate.
 58070 | Vaults:4 | Noticed kd29's ghost (veteran GrEE)
 58152 | Vaults:4 | Received a gift from Okawaru
 58258 | Vaults:4 | Reached skill level 1 in Necromancy
 59341 | Vaults:4 | Killed kd29's ghost
 59498 | Vaults:5 | Entered Level 5 of the Vaults
 59498 | Vaults:5 | Noticed Sojobo
 59509 | Vaults:4 | Killed Sojobo
 59509 | Vaults:4 | Received a gift from Okawaru
 59813 | Depths:1 | Entered Level 1 of the Depths
 59825 | Depths:1 | Reached skill level 5 in Necromancy
 60051 | Slime:1  | Entered Level 1 of the Pits of Slime
 60290 | Slime:2  | Gained mutation: You are weak. (Str -2) [a shining eye]
 60293 | Slime:2  | Reached skill level 15 in Fire Magic
 60296 | Slime:2  | Received a gift from Okawaru
 60303 | Slime:2  | Reached XP level 24. HP: 185/247 MP: 8/44
 60487 | Slime:4  | Gained mutation: Your body often deteriorates upon taking
                  | damage. [a shining eye]
 60755 | Slime:5  | Entered Level 5 of the Pits of Slime
 60907 | Slime:5  | Noticed the Royal Jelly
 60996 | Slime:5  | Killed the Royal Jelly
 61381 | Slime:5  | Found the +10 zealot's sword {holy, *Rage rN+ EV+3}
 61387 | Slime:5  | Got a translucent platinum ring
 61388 | Slime:5  | Identified the ring "Tuol" {rF++ rN+ Dex+2} (You found it
                  | on level 5 of the Pits of Slime)
 61469 | Slime:5  | Found the +8 mithril axe "Arga" {speed, MR+}
 61514 | Slime:5  | Got a slimy rune of Zot
 61762 | D:12     | Killed Plog's ghost
 61857 | D:12     | Voluntarily entered the Abyss.
 62174 | Abyss:3  | Gained mutation: You do not regenerate when monsters are
                  | visible. [a cacodemon]
 62175 | Abyss:3  | Gained mutation: You tend to lose your temper in combat. [a
                  | cacodemon]
 62185 | Abyss:3  | Gained mutation: Your spells are a little easier to cast,
                  | but a little less powerful. [a cacodemon]
 62198 | Abyss:3  | Paralysed by accursed screaming for 1 turns
 62199 | D:12     | Escaped the Abyss
 62389 | D:12     | Voluntarily entered the Abyss.
 62882 | Abyss:3  | Received a gift from Okawaru
 63555 | Abyss:4  | Reached XP level 25. HP: 200/256 MP: 24/44
 63591 | Abyss:4  | Got an abyssal rune of Zot
 63641 | D:12     | Escaped the Abyss
 64081 | D:7      | Fell from the grace of Okawaru
 64081 | D:7      | Became a worshipper of Cheibriados the Contemplative
 64259 | Lair:5   | Lost mutation: You have a pair of small horns on your head.
                  | [potion of mutation]
 64259 | Lair:5   | Lost mutation: Your spells are a little easier to cast, but
                  | a little less powerful. [potion of mutation]
 64259 | Lair:5   | Lost mutation: You are weak. (Str -2) [potion of mutation]
 64259 | Lair:5   | Gained mutation: Your spells are a little easier to cast,
                  | but a little less powerful. [potion of mutation]
 64259 | Lair:5   | Gained mutation: You have a pair of small antennae on your
                  | head. [potion of mutation]
 64260 | Lair:5   | Lost mutation: Your spells are a little easier to cast, but
                  | a little less powerful. [potion of mutation]
 64260 | Lair:5   | Lost mutation: You tend to lose your temper in combat.
                  | [potion of mutation]
 64260 | Lair:5   | Lost mutation: Your body often deteriorates upon taking
                  | damage. [potion of mutation]
 64260 | Lair:5   | Lost mutation: You have a pair of small antennae on your
                  | head. [potion of mutation]
 64260 | Lair:5   | Gained mutation: Your flesh is heat resistant. (rF+)
                  | [potion of mutation]
 64260 | Lair:5   | Gained mutation: Your mind is acute. (Int +2) [potion of
                  | mutation]
 64261 | Lair:5   | Lost mutation: Your body sometimes deteriorates upon taking
                  | damage. [potion of mutation]
 64261 | Lair:5   | Lost mutation: You do not regenerate when monsters are
                  | visible. [potion of mutation]
 64261 | Lair:5   | Gained mutation: You possess an exceptional clarity of
                  | mind. [potion of mutation]
 64261 | Lair:5   | Gained mutation: Your spells are a little easier to cast,
                  | but a little less powerful. [potion of mutation]
 64261 | Lair:5   | Lost mutation: Your spells are a little easier to cast, but
                  | a little less powerful. [potion of mutation]
 64566 | Vaults:5 | Noticed Mennas
 64710 | Vaults:5 | HP: 12/256 [tengu reaver/+1 dire flail of distortion (3)]
 64710 | Vaults:5 | HP: 3/256 [storm dragon (4)]
 64752 | Vaults:5 | Reached * piety under Cheibriados
 64755 | Vaults:5 | Identified the +5 quarterstaff of the End {vorpal, *Rage
                  | rN+ Str+2}
 64757 | Vaults:5 | Mangled by a stone giant

Illustrated notes

Levels and vault maps discovered:
D:1:      onia_arrival_pyramid, layout_loops_ring
D:2:      layout_loops_ring, chequers_ecumenical_altar_simple
D:3:      layout_loops_cross, portal_sewer_entry_d, makhleb_altar_promises_db
D:4:      layout_cave_pools, led_sif_book
D:5:      layout_basic, grunt_temple_overflow_open, kennysheep_generic_room_14,
          uniq_edmund
D:6:      wander_guarded_unrand_ratskin, layout_cave_pods,
          minmay_temple_entry_overgrown, gammafunk_ghost_icy,
          kennysheep_generic_room_6, uniq_eustachio
D:7:      layout_basic, kennysheep_mini, serial_shops,
          nicolae_shop_window_shopping, elyvilon_altar_3
D:8:      layout_rooms, guppyfry_shop_venom, uniq_harold, uniq_prince_ribbit1
D:9:      layout_gridville
D:10:     layout_rooms, special_room [special_room_kobold], serial_shops, shop,
          uniq_nergalle, uniq_maggie
D:11:     dragon1_lemuel, layout_small_grid, dpeg_lair_monsters,
          minmay_orc_entry_temple_small, serial_shops, shop_statue,
          hangedman_little_slice_of_home
D:12:     layout_irregular_city, gammafunk_ghost_abyssal_escape, basic_altar,
          serial_ice, serial_ice_m, serial_ice_e, serial_ice_l, serial_ice_b,
          portal_ice_cave_entry_ice_beasts
D:13:     layout_roguey, hangedman_vaults_entry_quadrant_bands, uniq_rupert,
          uniq_frances
D:14:     layout_irregular_city, hangedman_decor_points
D:15:     grunt_enter_depths_snipers, layout_basic, serial_glass,
          glass_columns_b, glass_columns_a, tgw_lugonu_bribe
Temple:   dpeg_five_rooms_temple
Lair:1:   layout_layer_cave, grunt_megastairs_5
Lair:2:   layout_concentric_octagons, guppyfry_snake_entry_island,
          minmay_lair_oklob_chamber
Lair:3:   layout_hall_layers, guppyfry_lair_drakes
Lair:4:   layout_layer_cave, nicolae_swamp_entry_splash_gauntlet, uniq_kirke,
          uniq_nessos
Lair:5:   layout_cave_pods, dpeg_slime_entry_enclosed_altar, lemuel_fruit_tree,
          infiniplex_staircase_pool_2
Lair:6:   hangedman_lair_caniforms_friends, layout_layer_cave, wormcave,
          columned_hall_lemuel, hangedman_lair_generics_rect
Swamp:1:  layout_basic_swamp, nicolae_swamp_orc_logging_accident,
          infiniplex_staircase_pool
Swamp:2:  layout_basic_swamp, evilmike_swamp_ruin_house_3
Swamp:3:  layout_falls_marsh, evilmike_swamp_ruin_house_2, swamp_pool3
Swamp:4:  swamp_pestilence, layout_basic_swamp, uniq_mara
Snake:1:  layout_layer_cave, minmay_shop_star
Snake:2:  skrybe_snakes_to_sticks, layout_grid_maze, st_stairs_11,
          grunt_ministairs_6, minmay_shop_grove
Snake:3:  layout_chambers
Snake:4:  snake_pit, layout_cave_pods, nicolae_coiled_stairwell_up,
          serial_bayou_shore_b, uniq_vashnia
Slime:1:  layout_caves
Slime:2:  layout_caves
Slime:3:  layout_caves
Slime:4:  layout_caves
Slime:5
Orc:1:    layout_caves
Orc:2:    st_orc_elflike, layout_caves, serial_shops, shop, minmay_orc_treasury
Elf:1:    eino_elf_arrival_shootout, layout_gridlike, minmay_elf_annihilation,
          uniq_jorgrun
Elf:2:    layout_gridlike, serial_shops, shop_fountains
Elf:3:    minmay_elf_hall_hex, layout_onion_city, minivault_16
Vaults:1: hangedman_vaults_capsules, nicolae_vaults_statue_guard, v_misc_12,
          v_alt_pattern_3, v_misc_23, hangedman_vaults_river_flow,
          hangedman_vaults_trim, v_pattern_3, v_misc_26,
          nicolae_vaults_rhombus_6, layout_vaults_chaotic_city
Vaults:2: vaults_mumra_chevron_long, hangedman_vaults_corner_blocks,
          st_greater_box_3, v_misc_29, vaults_room_pool, hangedman_vaults_hat,
          hangedman_vaults_maws, ontoclasm_vaults_ring_small,
          vaults_dpeg_diagonal, nicolae_vaults_windows_and_doors_thing,
          nicolae_vaults_ring_of_whatevers, ontoclasm_vaults_eye,
          ontoclasm_vaults_ligature, layout_vaults_maze_bifur,
          serial_hangedman_research, hangedman_research_thanatology,
          hangedman_research_geology, serial_shops, nicolae_shop_window_shopping
Vaults:3: minmay_crypt_entry_skeletal_spiral, nicolae_vaults_circle_grid_a,
          v_misc_27, nicolae_vaults_network_square, vaults_mumra_hex, v_misc_2,
          v_misc_2, v_misc_23, vaults_room_door_hall, nicolae_vaults_little_ls,
          vaults_room_ringed_pool, layout_vaults_ring, serial_shops, shop
Vaults:4: gammafunk_vaults_ghost_spectres, grunt_vaults_funnel,
          ontoclasm_vaults_spin, vaults_standard_mumra_x, v_alt_pattern_3,
          st_more_cells, grunt_vaults_diagonal, ontoclasm_vaults_gateway,
          layout_vaults_quadrants
Vaults:5: serial_shops, uniq_mennas, uniq_sojobo
Depths:1: layout_gridville, grunt_mini_vestibule,
          chequers_serial_rivers_micro_b, abyss_entry, nicolae_water_bricks,
          nrook_kobold_shadow_demons

Skill      XL: |  1  2  3  4  5  6  7  8  9 10 11 12 13 14 15 16 17 18 19 20 21 22 23 24 25 |
---------------+----------------------------------------------------------------------------+-----
Conjurations   | 1 2 3 4 5 6 |  6.0
Fire Magic     | 3 4 5 6 7 8 9 10 13 15 18 19 | 19.1
Spellcasting   | 3 4 5 8 9 10 11 12 13 15 17 | 17.0
Hexes          | 2 |  2.0
Fighting       | 1 3 5 7 8 10 11 14 | 14.4
Dodging        | 2 3 4 5 6 7 8 9 10 | 10.5
Invocations    | 1 3 5 6 7 8 9 |  9.0
Evocations     | 2 3 4 5 6 7 8 9 10 | 10.0
Throwing       | 3 |  3.0
Axes           | 2 4 5 7 10 12 13 15 16 18 20 | 20.0
Armour         | 1 4 6 |  6.0
Shields        | 2 4 7 9 12 13 15 | 15.0
Air Magic      | 2 |  2.0
Poison Magic   | 2 |  2.0
Earth Magic    | 3 4 |  4.0
Necromancy     | 6 |  6.0
Stealth        | |  1.4

Action                   |  1- 3 |  4- 6 |  7- 9 | 10-12 | 13-15 | 16-18 | 19-21 | 22-24 | 25-27 || total
-------------------------+-------+-------+-------+-------+-------+-------+-------+-------+-------++-------
Melee: Unarmed           |    11 |       |       |       |     2 |       |       |       |       ||    13
       Short sword       |    22 |    21 |       |       |       |       |       |       |       ||    43
       Spear             |       |    11 |       |       |       |       |       |       |       ||    11
       Falchion          |       |       |    38 |    16 |       |       |       |       |       ||    54
       War axe           |       |       |       |   115 |   724 |    33 |       |       |       ||   872
       Punch             |       |       |       |       |     5 |       |       |       |       ||     5
       Broad axe         |       |       |       |       |       |  1211 |  1666 |  1587 |    95 ||  4559
       Headbutt          |       |       |       |       |       |    42 |   312 |   343 |    12 ||   709
 Fire: Hand crossbow     |       |       |       |       |    39 |       |       |       |       ||    39
Throw: Dart              |       |       |       |    18 |    11 |     3 |       |     2 |       ||    34
 Cast: Foxfire           |    59 |   140 |   239 |   545 |   635 |   455 |   114 |     6 |       ||  2193
       Conjure Flame     |       |     1 |       |     3 |       |     1 |     1 |       |       ||     6
       Sticky Flame      |       |       |     7 |    30 |   121 |   107 |    19 |     2 |       ||   286
       Inner Flame       |       |       |     2 |    16 |    17 |    20 |     1 |     1 |       ||    57
       Fireball          |       |       |       |     4 |    22 |    12 |    14 |    12 |       ||    64
       Apportation       |       |       |       |       |       |     3 |     2 |     5 |     2 ||    12
       Mephitic Cloud    |       |       |       |       |       |    25 |   105 |    87 |     1 ||   218
       Lee's Rapid Decon |       |       |       |       |       |       |     5 |     4 |       ||     9
       Ignition          |       |       |       |       |       |       |       |    49 |     7 ||    56
       Borgnjor's Vile C |       |       |       |       |       |       |       |    32 |     7 ||    39
Invok: Heroism           |       |       |       |     1 |    28 |    36 |    34 |     5 |       ||   104
       Finesse           |       |       |       |       |     2 |     2 |     5 |     4 |       ||    13
Evoke: Wand              |       |       |     3 |    15 |    38 |    11 |    22 |    15 |     4 ||   108
       Lightning rod     |       |       |       |       |     6 |     3 |    14 |     3 |     3 ||    29
       Condenser vane    |       |       |       |       |       |     2 |     1 |       |     1 ||     4
       Box of beasts     |       |       |       |       |       |       |       |     1 |       ||     1
  Use: Scroll            |       |     5 |     7 |     4 |    16 |    19 |    19 |    12 |    10 ||    92
       Potion            |       |       |       |     4 |     1 |     3 |     3 |     9 |    12 ||    32
 Stab: Sleeping          |       |     1 |     1 |       |       |     2 |     2 |     1 |       ||     7
       Paralysed         |       |       |     3 |    18 |    12 |     3 |     9 |     6 |       ||    51
       Distracted        |       |       |       |       |     1 |     3 |     2 |     6 |       ||    12
       Confused          |       |       |       |       |       |    24 |    92 |    74 |       ||   190
       Fleeing           |       |       |       |       |       |       |     1 |       |       ||     1
       Petrified         |       |       |       |       |       |       |       |     7 |       ||     7
       Invisible         |       |       |       |       |       |       |       |     1 |       ||     1
Armor: Robe              |    35 |    11 |    33 |    15 |       |       |       |    91 |     8 ||   193
       Swamp dragon scal |       |       |       |    92 |   365 |    31 |       |       |       ||   488
       Troll leather arm |       |       |       |       |       |   171 |   185 |    25 |       ||   381
Dodge: Dodged            |    67 |    56 |   120 |   228 |   821 |   567 |   313 |   248 |    26 ||  2446
Block: Other             |       |       |       |     9 |   125 |       |       |       |       ||   134
       Reflection        |       |       |       |     1 |       |   107 |    54 |       |       ||   162
       Kite shield       |       |       |       |       |   143 |   882 |       |       |       ||  1025
       Tower shield      |       |       |       |       |       |    49 |  1536 |  1044 |   116 ||  2745
       Rpst.: Falchion   |       |       |    28 |    12 |       |       |       |       |       ||    40

Table legend: (Time is in decaauts)
 A = Elapsed time spent in this place.
 B = Non-inter-level travel time spent in this place.
 C = Inter-level travel time spent in this place.
 D = Time resting spent in this place.
 E = Time spent auto-exploring this place.
 F = Levels seen in this place.
 G = Mean time per level.
                   A        B        C        D        E       F      G
               +--------+--------+--------+--------+--------+-----+--------+
         Total |  63899 |  58136 |   5763 |  17863 |  23359 |  55 | 1161.8 |
       Dungeon |  19802 |  17430 |   2372 |   5090 |   7171 |  15 | 1320.1 |
        Temple |    274 |    174 |    100 |      0 |    166 |   1 |  274.0 |
          Lair |  12909 |  11418 |   1491 |   4577 |   4695 |   6 | 2151.5 |
         Swamp |   3578 |   3313 |    265 |    856 |   1441 |   4 |  894.5 |
     Snake Pit |   6877 |   6458 |    419 |   1885 |   2932 |   4 | 1719.2 |
    Slime Pits |   1234 |   1196 |     38 |    688 |      0 |   5 |  246.8 |
  Orcish Mines |   2018 |   1843 |    175 |    375 |    943 |   2 | 1009.0 |
   Elven Halls |   4918 |   4785 |    133 |   1324 |   1790 |   3 | 1639.3 |
        Vaults |   8115 |   7351 |    764 |   1457 |   3485 |   5 | 1623.0 |
        Depths |     38 |     37 |      1 |      0 |      8 |   1 |   38.0 |
         Abyss |   1410 |   1410 |      0 |    226 |    271 |   7 |  201.4 |
         Sewer |    460 |    460 |      0 |     51 |    170 |   1 |  460.0 |
      Ice Cave |   2261 |   2261 |      0 |   1330 |    285 |   1 | 2261.0 |
               +--------+--------+--------+--------+--------+-----+--------+

Top non-repeatable levels by time:
  Lair:6: 3978 daAuts
  Lair:5: 2706 daAuts
Vaults:2: 2537 daAuts
 Snake:3: 2397 daAuts
    D:13: 2330 daAuts
   IceCv: 2261 daAuts
    D:10: 2164 daAuts
   Elf:2: 2149 daAuts
Vaults:4: 2138 daAuts
 Snake:4: 2072 daAuts
    D:12: 1993 daAuts
  Lair:4: 1924 daAuts
     D:6: 1913 daAuts
    D:15: 1911 daAuts
Vaults:3: 1778 daAuts
